 Dungeon Crawl Stone Soup version 0.28.0 (webtiles) character file.

Game seed: 11786915489708457061

16598 LustLizard the Cleaver (level 12, -2/159 HPs)
             Began as a Minotaur Berserker on Feb 6, 2022.
             Was an Elder of Trog.
             Slain by a sun demon (10 damage)
             ... summoned by an orc high priest
             ... on level 2 of the Orcish Mines.
             The game lasted 00:26:28 (15886 turns).

LustLizard the Cleaver (Minotaur Berserker)        Turns: 15886, Time: 00:26:29

Health: -2/159     AC:  9    Str: 24    XL:     12   Next: 11%
Magic:  0/11       EV: 11    Int:  6    God:    Trog [****..]
Gold:   1367       SH:  0    Dex: 11    Spells: 11/11 levels left

rFire   . . .      SeeInvis .   s - +8 woodcutter's axe {vorpal}
rCold   . . .      Faith    .   (no shield)
rNeg    . . .      Spirit   +   r - +2 ring mail {rPois}
rPois   +          Reflect  .   (helmet restricted)
rElec   .          Harm     .   H - +1 cloak
rCorr   .          Rampage  .   (no gloves)
Will    +++..                   (no boots)
Stlth   ..........              B - amulet of guardian spirit
HPRegen 1.36/turn               G - +4 ring of slaying
MPRegen 0.12/turn               w - ring of willpower

@: berserking, strong-willed, spiked, regenerating, very quick
A: horns 2, retaliatory headbutt
a: Renounce Religion, Berserk, Trog's Hand, Brothers in Arms


You were on level 2 of the Orcish Mines.
You worshipped Trog.
Trog was greatly pleased with you.
You visited 3 branches of the dungeon, and saw 14 of its levels.

You collected 1472 gold pieces.
You spent 105 gold pieces at shops.

Inventory:

Hand Weapons
 a - a +0 hand axe
 s - the +8 woodcutter's axe (weapon) {vorpal}
   (You found it on level 3 of the Dungeon)

   It inflicts extra damage upon your enemies.
Missiles
 g - 155 stones (quivered)
 l - 17 boomerangs
 t - 2 throwing nets
 E - a curare-tipped dart
 L - 17 poisoned darts
 N - 6 javelins
Armour
 b - a +0 animal skin
 f - a +0 chain mail
 h - a +0 cloak
 r - a +2 ring mail of poison resistance (worn)
 H - a +1 cloak (worn)
 Q - a +0 plate armour
Jewellery
 c - a +6 ring of intelligence
 m - a ring of flight
 o - a ring of ice
 u - a ring of poison resistance
 w - a ring of willpower (right hand)
 B - an amulet of guardian spirit (around neck)
 G - a +4 ring of slaying (left hand)
 W - a ring of resist corrosion
 X - an amulet of the acrobat
 Y - an amulet of magic regeneration
Wands
 v - a wand of iceblast (3)
 A - a wand of polymorph (10)
 K - a wand of acid (7)
 P - a wand of paralysis (4)
 T - a wand of flame (18)
 V - a wand of charming (3)
Scrolls
 d - 2 scrolls of amnesia {unknown}
 j - 4 scrolls of fear
 k - 2 scrolls of fog {unknown}
 n - 2 scrolls of enchant weapon {unknown}
 p - a scroll of vulnerability {unknown}
 y - 2 scrolls of enchant armour {unknown}
 z - 2 scrolls of blinking {unknown}
 D - 2 scrolls of teleportation
 J - a scroll of immolation {unknown}
 O - 4 scrolls of magic mapping
 R - a scroll of noise {unknown}
Potions
 e - 2 potions of lignification
 i - 4 potions of brilliance
 q - 3 potions of resistance
 x - a potion of mutation
 C - 2 potions of heal wounds
 F - 2 potions of flight
 I - a potion of might
 M - a potion of curing
 S - a potion of ambrosia {unknown}
 Z - a potion of degeneration {unknown}


   Skills:
 + Level 10.3 Fighting
 * Level 13.8 Axes
 * Level 11.0 Throwing
 - Level 2.4 Armour
 - Level 2.1 Dodging
 * Level 8.7 Evocations


You had 11 spell levels left.
You didn't know any spells.
Your spell library was empty.

Dungeon Overview and Level Annotations

Branches:
Dungeon (11/15)            Temple (0/1) D:7            Lair (1/6) D:8
    Orc (2/2) D:10            Elf (0/3) Orc:2

Altars:
Qazlal

Shops:
D:5 ?   D:9 [

Annotations:
D:11 Fannar


Innate Abilities, Weirdness & Mutations

You have a pair of horns on your head.
You reflexively headbutt those who attack you in melee.


Message History

* * * LOW HITPOINT WARNING * * *
The sun demon closely misses you. You furiously retaliate!
You headbutt the sun demon. You barely miss the orc sorcerer.
You headbutt the orc sorcerer!
The orc sorcerer is heavily wounded.
You hit the sun demon. You slash the orc high priest!
You kill the orc high priest!
Trog accepts your kill.
The orange demon disappears in a puff of smoke!
The sun demon disappears in a puff of smoke!
You slash the orc sorcerer!
You kill the orc sorcerer!
Trog accepts your kill.
Trog appreciates your killing of a magic user.
You slice the orc warrior!!
You feel the power of Trog in you as your rage grows.
You kill the orc warrior!
Trog accepts your kill.
The orc high priest prays to Beogh.
You hear a shout!
Your life force feels restored.
Your Throwing skill increases to level 11!
The barbs in your skin will harm you if you move.
Continue? [Y]es or [N]o only, please.
The barbs in your skin will harm you if you move.
Continue?
Okay, then.
The barbs in your skin will harm you if you move.
Continue?
Okay, then.
You hear a shout!
The orc high priest prays to Beogh.
You slash the sun demon! You headbutt the sun demon!
The sun demon is heavily wounded.
The sun demon closely misses you. You furiously retaliate!
You headbutt the sun demon. The orc high priest barely misses you.
You barely miss the sun demon.
The sun demon is heavily wounded.
You slash the soul eater! The sun demon hits you!!
* * * LOW HITPOINT WARNING * * *
You are engulfed in flames!
You die...

**,,,,,***
*##....,,,∩**
*.....,,,,,,**
##....,,,,,,,∩*
##....,,,,,,,,∩*
#.4..,,,,,,,,,**
##(oo*,,,,,,,∩**
#.33#*,,,,,,***
#..@##*,,****
#..()###**
##.(...#######
##.(........#
*## ##.[.......#
*##.#*
###..)....#
*#...,*
##......#
*...,** ##[...##
###*#.####
##....#


You could see an orc knight, a soul eater (summoned), an orc high priest, a sun
demon (summoned) and a hellwing (summoned).

Vanquished Creatures
  3 two-headed ogres
  2 orc high priests
  Pikel (D:4)
  3 orc knights
  A cyclops (D:8)
  2 orc sorcerers
  2 centaur zombies (D:11)
  A cane toad (Lair:1)
  A gargoyle (D:11)
  5 trolls
  A hornet (D:7)
  4 slime creatures (D:10)
  15 yaks
  A wyvern (D:9)
  3 steam dragons
  A warg (Orc:1)
  An acid dragon (D:10)
  A water moccasin (Lair:1)
  A necrophage (D:7)
  11 orc warriors
  3 ice beasts
  5 ogres
  5 centaurs
  3 lemures (D:4)
  A bullfrog (D:9)
  3 kobold brigands
  A gnoll sergeant (D:3)
  A scorpion (D:5)
  2 water moccasin skeletons
  9 killer bees (D:9)
  3 wights (D:6)
  4 howler monkeys
  3 hounds
  6 orc priests
  2 gnoll shamans
  6 iguanas
  Natasha (twice) (D:4)
  10 orc wizards
  2 killer bee zombies (D:6)
  A hound zombie (D:4)
  A howler monkey zombie (D:6)
  Robin (D:2)
  18 gnolls
  5 adders
  A shadow imp (D:7)
  An ufetubus (D:5)
  An adder skeleton (D:5)
  A worm (D:4)
  3 dart slugs
  31 orcs
  5 ball pythons
  5 endoplasms
  6 giant cockroaches
  16 goblins
  10 hobgoblins
  2 jackals (D:5)
  24 kobolds
  2 quokkas
  6 bats
  2 frilled lizards (D:1)
  5 rats
278 creatures vanquished.

Vanquished Creatures (others)
  A fungus (Lair:1)
  A plant (Lair:1)
2 creatures vanquished.

Grand Total: 280 creatures vanquished

Notes
Turn   | Place    | Note
-------+----------+-------------------------------------------
     0 | D:1      | LustLizard the Minotaur Berserker began the quest for the
                  | Orb.
     0 | D:1      | Reached XP level 1. HP: 19/19 MP: 0/0
    85 | D:1      | Reached skill level 4 in Axes
   183 | D:1      | Reached XP level 2. HP: 27/27 MP: 1/1
   524 | D:1      | Reached XP level 3. HP: 33/33 MP: 2/2
   597 | D:1      | Reached ** piety under Trog
   850 | D:2      | Reached skill level 1 in Throwing
  1245 | D:2      | Noticed Robin
  1265 | D:2      | Killed Robin
  1266 | D:2      | Reached XP level 4. HP: 9/40 MP: 3/3
  1267 | D:2      | Reached skill level 5 in Axes
  1696 | D:3      | Noticed a centaur
  1709 | D:3      | Killed a centaur
  1710 | D:3      | Reached XP level 5. HP: 15/47 MP: 4/4
  2006 | D:3      | Reached *** piety under Trog
  2408 | D:3      | Found the +8 woodcutter's axe {vorpal}
  2420 | D:3      | Reached skill level 5 in Fighting
  2420 | D:3      | Reached skill level 6 in Axes
  2420 | D:3      | Reached XP level 6. HP: 38/56 MP: 5/5
  3296 | D:4      | Noticed Pikel
  3315 | D:4      | Killed Pikel
  3316 | D:4      | Reached skill level 7 in Axes
  3316 | D:4      | Reached skill level 5 in Throwing
  3316 | D:4      | Reached XP level 7. HP: 26/62 MP: 6/6
  3618 | D:4      | Noticed Natasha
  3664 | D:4      | Killed Natasha
  3718 | D:4      | Noticed Natasha
  3721 | D:4      | Killed Natasha
  3894 | D:5      | Entered Level 5 of the Dungeon
  4001 | D:5      | Reached skill level 8 in Axes
  4149 | D:5      | Reached XP level 8. HP: 70/70 MP: 7/7
  4416 | D:5      | Reached skill level 1 in Evocations
  4639 | D:5      | Found Acoew's Magic Scroll Boutique.
  4642 | D:5      | Bought a scroll of identify for 30 gold pieces
  4642 | D:5      | Bought a scroll of teleportation for 45 gold pieces
  4642 | D:5      | Bought a scroll of identify for 30 gold pieces
  5049 | D:6      | Reached **** piety under Trog
  5304 | D:6      | Found a stormy altar of Qazlal.
  5309 | D:6      | Reached skill level 9 in Axes
  6023 | D:6      | Reached XP level 9. HP: 79/79 MP: 8/8
  6127 | D:7      | Found a staircase to the Ecumenical Temple.
  7251 | D:8      | Reached skill level 10 in Axes
  7574 | D:8      | Found a staircase to the Lair.
  7592 | D:8      | Noticed a two-headed ogre
  7598 | D:8      | Killed a two-headed ogre
  7599 | D:8      | Reached skill level 5 in Evocations
  7599 | D:8      | Noticed a cyclops
  7613 | D:8      | Killed a cyclops
  7614 | D:8      | Reached XP level 10. HP: 20/88 MP: 2/9
  9058 | D:9      | Reached skill level 11 in Axes
  9512 | D:9      | Found Dykekicu's Antique Armour Boutique.
 10048 | D:10     | Entered Level 10 of the Dungeon
 10086 | D:10     | Noticed a two-headed ogre
 10100 | D:10     | Killed a two-headed ogre
 10795 | D:10     | Reached skill level 12 in Axes
 11404 | D:10     | Reached XP level 11. HP: 51/97 MP: 5/10
 11880 | D:10     | Found a staircase to the Orcish Mines.
 11908 | D:11     | Noticed Fannar
 11987 | Lair:1   | Entered Level 1 of the Lair of Beasts
 12181 | Lair:1   | Noticed an eight-headed hydra
 12339 | D:11     | Noticed a two-headed ogre
 12346 | D:11     | Killed a two-headed ogre
 12397 | D:11     | Reached skill level 10 in Throwing
 13145 | D:11     | Reached skill level 13 in Axes
 13531 | Orc:1    | Entered Level 1 of the Orcish Mines
 13606 | Orc:1    | Noticed an orc high priest
 13621 | Orc:1    | Killed an orc high priest
 13621 | Orc:1    | Reached ***** piety under Trog
 13919 | Orc:2    | Entered Level 2 of the Orcish Mines
 13967 | Orc:2    | Found a staircase to the Elven Halls.
 13994 | Orc:2    | Reached skill level 10 in Fighting
 14268 | Orc:2    | Noticed an orc knight
 14283 | Orc:2    | Killed an orc knight
 14354 | Orc:2    | Noticed an orc knight
 14354 | Orc:2    | Noticed an orc knight
 14354 | Orc:2    | Noticed an orc sorcerer
 14354 | Orc:2    | Noticed an orc high priest
 14392 | Orc:1    | Killed an orc knight
 14601 | Orc:1    | Killed an orc knight
 14956 | Orc:2    | HP: 5/136 [orc warrior (6)]
 14957 | Orc:2    | Noticed a sixfirhy
 14958 | Orc:1    | Killed an orc sorcerer
 14959 | Orc:1    | Reached XP level 12. HP: 8/101 MP: 0/11
 15868 | Orc:2    | Noticed an orc high priest
 15882 | Orc:2    | Killed an orc high priest
 15886 | Orc:2    | Slain by a sun demon

Illustrated notes

Levels and vault maps discovered:
D:1:      psy_arrival_radial02, layout_rooms
D:2:      cheibrodos_old_hovel, layout_basic, uniq_robin
D:3:      layout_basic, st_stairs_13, pf_guarded_unrand_woodcutter
D:4:      layout_basic, minmay_vboxes, uniq_pikel, uniq_natasha
D:5:      layout_loops_ring, serial_shops, nicolae_shop_behind_doors
D:6:      layout_basic, mainiacjoe_overflow_boulevard
D:7:      layout_gridville, minmay_temple_entry_glass
D:8:      layout_layer_cave, lair_entry_dummy
D:9:      layout_loops_corners, serial_shops, kennysheep_little_box
D:10:     layout_loops_ring, orc_0_dummy
D:11:     layout_basic, hangedman_decor_push, minmay_unpleasant_kobolds,
          uniq_fannar
Lair:1:   layout_small_grid, infiniplex_staircase_pool
Orc:1:    layout_caves, uniq_urug, uniq_erica
Orc:2:    grunt_orc_tribal_feast, layout_diamond_mine,
          ebering_ghost_reflecting_pool, mines2_david

Skill      XL: |  1  2  3  4  5  6  7  8  9 10 11 12 |
---------------+-------------------------------------+-----
Axes           | 4 5 6 7 8 9 10 12 13 | 13.8
Fighting       | 4 5 6 7 8 9 10 | 10.3
Throwing       | 1 2 3 5 6 8 9 10 11 | 11.0
Evocations     | 3 5 6 8 |  8.7
Armour         | |  2.4
Dodging        | |  2.1

Action                   |  1- 3 |  4- 6 |  7- 9 | 10-12 || total
-------------------------+-------+-------+-------+-------++-------
Melee: Hand axe          |    96 |    58 |       |       ||   154
       Headbutt          |    12 |    20 |    23 |    42 ||    97
       Punch             |     1 |     1 |     2 |     2 ||     6
       War axe           |       |    32 |   136 |   227 ||   395
Throw: Stone             |     7 |    11 |    80 |   121 ||   219
       Boomerang         |       |     2 |    11 |       ||    13
       Throwing net      |       |       |     1 |       ||     1
       Dart              |       |       |     7 |     4 ||    11
Invok: Berserk           |     1 |     2 |     1 |     8 ||    12
       Trog's Hand       |       |     1 |       |     2 ||     3
Evoke: Wand              |       |       |     1 |       ||     1
  Use: Scroll            |       |       |     6 |     4 ||    10
 Stab: Held in net/web   |       |       |     1 |       ||     1
Armor: Animal skin       |     1 |       |       |       ||     1
       Chain mail        |    44 |    35 |    31 |       ||   110
       Ring mail         |       |     8 |    31 |    78 ||   117
Dodge: Dodged            |    52 |    65 |    69 |   146 ||   332
